 Dungeon Crawl Stone Soup version 0.22-b1-21-g5cfc168 (webtiles) character file.

298 Lilu the Destroyer (level 6, 0/32 HPs)
             Began as a Deep Elf Conjurer on Aug 5, 2018.
             Slain by a kobold (4 damage)
             ... while paralysed by Grinder
             ... on level 3 of the Dungeon.
             The game lasted 00:10:34 (3643 turns).

Lilu the Destroyer (Deep Elf Conjurer)              Turns: 3643, Time: 00:10:35

Health: 0/32       AC:  4    Str:  7    XL:     6   Next: 13%
Magic:  11/12      EV:  2    Int: 20    God:
Gold:   102        SH:  0    Dex: 15    Spells: 4/11 levels left

rFire    + . .     SeeInvis .   g - -2 short sword (curse)
rCold    x . .     Gourm    .   (no shield)
rNeg     . . .     Faith    .   a - +0 robe
rPois    .         Spirit   .   j - +0 helmet
rElec    .         Reflect  .   (no cloak)
rCorr    .         Harm     .   k - +0 pair of gloves
MR       .....                  (no boots)
Stlth    ++........             (no amulet)
HPRegen  0.10/turn              b - ring of fire
MPRegen  0.13/turn              (no ring)

@: paralysed
A: no striking features
a: no special abilities


You were on level 3 of the Dungeon.
You were not hungry.

You visited 1 branch of the dungeon, and saw 3 of its levels.

You collected 102 gold pieces.

Inventory:

Hand Weapons
 e - a +0 dagger
 g - a cursed -2 short sword (weapon)
 m - a +0 dagger of electrocution
Missiles
 n - 49 arrows
Armour
 a - a +0 robe (worn)
 j - a +0 helmet (worn)
 k - a +0 pair of gloves (worn)
 p - a +2 ring mail of cold resistance
Jewellery
 b - a ring of fire (left hand)
Scrolls
 d - a scroll of remove curse {unknown}
 h - 2 scrolls of immolation {unknown}
 i - 4 scrolls of identify {unknown}
 o - 4 scrolls of teleportation {unknown}
Potions
 f - 5 potions of curing {unknown}
 l - a potion of brilliance {unknown}
 q - a potion of mutation {unknown}
 r - a potion of heal wounds {unknown}
 s - a potion of ambrosia {unknown}
 t - a potion of might {unknown}
Comestibles
 c - 4 rations
 u - 4 chunks of flesh


   Skills:
 - Level 2.4 Dodging
 - Level 2.4 Stealth
 - Level 3.0 Spellcasting
 + Level 8.2 Conjurations


You had 4 spell levels left.
You knew the following spells:

 Your Spells              Type           Power        Failure   Level  Hunger
a - Magic Dart            Conj           ####         1%          1    None
b - Searing Ray           Conj           #####.       1%          2    ##.....
c - Iskenderun's Mystic   Conj           #####...     4%          4    ####...

Your spell library contained the following spells:

 Spells                   Type           Power        Failure   Level  Hunger
 Fulminant Prism          Conj/Hex       ###.......   26%         4    ####...
 Dazzling Spray           Conj/Hex       ###...       8%          3    ###....
 Force Lance              Conj/Tloc      ###.....     26%         4    ####...


Dungeon Overview and Level Annotations

Branches:
Dungeon (3/15)

Altars:

Annotations:
D:3 Grinder


Message History

Grinder blinks!
The kobold closely misses you.
Things that are here:
a club; a kobold corpse The kobold hits you with a dagger.
Grinder gestures at you.
You suddenly lose the ability to move!
The kobold barely misses you. The kobold hits you with a dagger.
Grinder hits you!
You writhe in agony.
The kobold hits you but does no damage. x2
The big kobold hits you with a dagger of speed.
Grinder barely misses you. The kobold completely misses you.
The big kobold hits you with a dagger of speed.
The kobold hits you with a dagger. Grinder gestures at you.
Pain shoots through your body!
* * * LOW HITPOINT WARNING * * *
The kobold hits you.
You die...

######### #.#.....
#.#[...< #.#..###
#.#..>.. #.##.###
#######.......
###.....####.###
######.......5.)..#
..###.KK@K.)#####.....#
.......K5.###≈≈≈####..#
##...######≈≈≈≈≈≈≈≈..##
### ≈≈≈≈≈≈≈≈..##
#....≈≈≈...##
#.##.....### #. #######


You could see Grinder, 2 big kobolds and 2 kobolds.

Vanquished Creatures
  A phantom (D:2)
  An orc wizard (D:2)
  Natasha (D:3)
  8 adders
  A gnoll (D:2)
  3 worms (D:2)
  A dart slug (D:2)
  3 leopard geckos (D:1)
  3 orcs (D:2)
  4 bats
  4 giant cockroaches
  5 goblins
  6 hobgoblins
  3 jackals (D:2)
  15 kobolds
  4 frilled lizards
  8 rats
71 creatures vanquished.

Notes
Turn   | Place    | Note
-------+----------+-------------------------------------------
     0 | D:1      | Lilu the Deep Elf Conjurer began the quest for the Orb.
     0 | D:1      | Reached XP level 1. HP: 10/10 MP: 6/6
   233 | D:1      | Reached XP level 2. HP: 15/15 MP: 5/8
   240 | D:1      | Learned a level 2 spell: Searing Ray
   322 | D:1      | Reached skill level 5 in Conjurations
  1347 | D:2      | Reached XP level 3. HP: 19/19 MP: 4/9
  1443 | D:2      | Noticed a phantom
  1765 | D:2      | Reached skill level 6 in Conjurations
  1765 | D:2      | Reached XP level 4. HP: 19/24 MP: 2/10
  2228 | D:2      | Killed a phantom
  2228 | D:2      | Reached skill level 7 in Conjurations
  2228 | D:2      | Reached XP level 5. HP: 28/28 MP: 3/11
  3222 | D:3      | Noticed Grinder
  3347 | D:3      | Reached skill level 8 in Conjurations
  3356 | D:3      | Reached XP level 6. HP: 27/32 MP: 6/12
  3431 | D:3      | Noticed Natasha
  3438 | D:3      | Killed Natasha
  3497 | D:3      | Learned a level 4 spell: Iskenderun's Mystic Blast
  3639 | D:3      | Paralysed by Grinder for 6 turns
  3643 | D:3      | Slain by a kobold

Skill      XL: |  1  2  3  4  5 |
---------------+----------------+-----
Conjurations   | 5 6 7 8 |  8.2
Dodging        | |  2.4
Stealth        | |  2.4
Spellcasting   | |  3.0

Action                   |  1- 3 |  4- 6 || total
-------------------------+-------+-------++-------
Melee: Short sword       |    26 |    15 ||    41
 Cast: Magic Dart        |    31 |    43 ||    74
       Searing Ray       |     4 |    18 ||    22
 Stab: Sleeping          |     2 |     2 ||     4
  Eat: Chunk             |     3 |     6 ||     9
Armor: Robe              |     6 |     7 ||    13
Dodge: Dodged            |    29 |    30 ||    59
